 Dungeon Crawl Stone Soup version 0.25.1-2-g60ff931df9 (webtiles) character file.

Game seed: 10357668262272186395

22 Acheron the Firebug (level 2, -1/22 HPs)
             Began as a Hill Orc Fire Elementalist on Aug 19, 2020.
             Slain by a goblin
             ... wielding a +0 dagger
              (2 damage)
             ... on level 1 of the Dungeon.
             The game lasted 00:05:01 (632 turns).

Acheron the Firebug (Hill Orc Fire Elementalist)     Turns: 632, Time: 00:05:02

Health: -1/22      AC:  3    Str: 10    XL:     2   Next: 91%
Magic:  4/4        EV: 12    Int: 15    God:
Gold:   29         SH:  0    Dex: 11    Spells: 3/4 levels left

rFire    . . .     SeeInvis .   f - +0 dagger
rCold    . . .     Gourm    .   (no shield)
rNeg     . . .     Faith    .   a - +0 robe
rPois    .         Spirit   .   (no helmet)
rElec    .         Reflect  .   (no cloak)
rCorr    .         Harm     .   (no gloves)
MR       .....                  g - +0 pair of boots
Stlth    ++........             (no amulet)
HPRegen  0.07/turn              (no ring)
MPRegen  0.09/turn              (no ring)

@: brilliant
A: no striking features
a: no special abilities


You were on level 1 of the Dungeon.
You were not hungry.

You visited 1 branch of the dungeon, and saw 2 of its levels.

You collected 29 gold pieces.

Inventory:

Hand Weapons
 e - a +0 club
 f - a +0 dagger (weapon)
Missiles
 h - 23 stones (quivered)
 i - 2 throwing nets
Armour
 a - a +0 robe (worn)
 g - a +0 pair of boots (worn)
Jewellery
 b - an uncursed ring of magical power {unknown}
Scrolls
 k - a scroll of identify {unknown}
Comestibles
 c - 3 rations
 d - 5 chunks of flesh


   Skills:
 * Level 0.9 Fighting
 * Level 1.7 Dodging
 * Level 1.7 Stealth
 * Level 1.9 Spellcasting
 * Level 1.2 Conjurations
 + Level 3.5 Fire Magic


You had 3 spell levels left.
You knew the following spells:

 Your Spells              Type           Power        Failure   Level  Hunger
a - Foxfire               Conj/Fire      ##..         9%          1    None

Your spell library contained the following spells:

 Spells                   Type           Power        Failure   Level  Hunger
 Conjure Flame            Conj/Fire      ##......     26%         3    None
 Inner Flame              Hex/Fire       ##......     32%         3    None
 Sticky Flame             Conj/Fire      ##......     63%         4    None
 Fireball                 Conj/Fire      ##........   93%         5    None


Dungeon Overview and Level Annotations

Branches:
Dungeon (2/15)

Altars:


Message History

You kill the leopard gecko!
You completely miss the goblin. The goblin hits you with a +0 dagger.
You barely miss the goblin. The goblin hits you with a +0 dagger.
* * * LOW HITPOINT WARNING * * *
You closely miss the goblin. The goblin hits you but does no damage.
You barely miss the goblin. The goblin barely misses you.
You closely miss the goblin. The goblin hits you but does no damage.
You closely miss the goblin. The goblin hits you with a +0 dagger.
* * * LOW HITPOINT WARNING * * *
You hit the goblin.
The goblin is severely wounded.
The goblin hits you but does no damage.
You barely miss the goblin.
The goblin is severely wounded.
The goblin hits you with a +0 dagger.
* * * LOW HITPOINT WARNING * * *
It was a potion of brilliance.
You feel clever all of a sudden. The goblin hits you with a +0 dagger.
You die...

##.###. #.#
>...... #.#
....#. #.#
####...##### #.#
...........####.#
#†.....)l...#
.......###.##...#
....... #.##g#.#
.###### #.##@#.#
#.##.#.#
##.##.#.#
#.......#
#..##.#.#
#.#######..##>#.#
#.............#.#
#########..####.#
#.)####.#


You could see a goblin and a frilled lizard.

Vanquished Creatures
  A leopard gecko (D:1)
  2 bats (D:1)
  A giant cockroach (D:1)
  3 goblins (D:1)
  4 hobgoblins (D:1)
  6 kobolds (D:1)
  A frilled lizard (D:1)
18 creatures vanquished.

Vanquished Creatures (others)
  30 foxfires (D:1)
30 creatures vanquished.

Grand Total: 48 creatures vanquished

Notes
Turn   | Place    | Note
-------+----------+-------------------------------------------
     0 | D:1      | Acheron the Hill Orc Fire Elementalist began the quest for
                  | the Orb.
     0 | D:1      | Reached XP level 1. HP: 14/14 MP: 3/3
   377 | D:1      | Reached XP level 2. HP: 20/20 MP: 2/4
   628 | D:1      | HP: 1/22 [goblin/+0 dagger (2)]
   632 | D:1      | Slain by a goblin

Illustrated notes

Levels and vault maps discovered:
D:1:      dpeg_arrival_shelter, layout_loops_ring, minmay_stone_trees_medium
D:2:      layout_basic, zin_purify, minmay_overflow_temple_star_quad,
          minmay_lizard_king

Action                   || total
-------------------------++-------
Melee: Club              ||     3
       Dagger            ||    42
Throw: Stone             ||     1
 Cast: Foxfire           ||    19
  Use: Potion            ||     1
Armor: Robe              ||    10
Dodge: Dodged            ||    25
